 Dungeon Crawl Stone Soup version 0.18-a0-1303-g41c131c (webtiles) character file.

199693 abixa the Slayer (level 18, -4/327 HPs)
             Began as an Ogre Hunter on Feb 12, 2016.
             Was the Champion of Okawaru.
             Shot with a poisoned bolt by a naga sharpshooter (10 damage)
             ... on level 4 of the Snake Pit.
             The game lasted 03:08:10 (40696 turns).

abixa the Slayer (Ogre Hunter)                     Turns: 40696, Time: 03:08:10

Health: -4/327     AC:  8    Str: 33    XL:     18   Next: 48%
Magic:  24/24      EV: 23    Int: 13    God:    Okawaru [******]
Gold:   3285       SH:  0    Dex: 17    Spells: 3 memorised, 10 levels left

rFire  + + .     SeeInvis .     f - +7 dire flail "Bebruata" {vamp, rPois rF+ rC+ Int+3}
rCold  + . .     Gourm    +     R - +1 robe {rC+ rF+}
rNeg   + . .     Faith    .     (shield currently unavailable)
rPois  +         Spirit   .     (helmet restricted)
rElec  .         Dismiss  .     Q - +3 cloak of Jyda {rC- rN+ Dex+7}
rCorr  .         Reflect  .     (gloves unavailable)
SustAt .         Harm     .     (boots unavailable)
MR     ++...                    Z - amulet of the gourmand
Stlth  ..........               N - +4 ring of slaying
                                o - ring of protection from magic

@: berserking, heroism, very quick, very resistant to hostile enchantments,
extremely unstealthy
A: unfitting armour, antennae 1, tough skin 1, evolution 1
a: Heroism, Finesse, Renounce Religion
}: 1/15 runes: serpentine


You were on level 4 of the Snake Pit.
You worshipped Okawaru.
Okawaru was exalted by your worship.
You were very full.

You visited 5 branches of the dungeon, and saw 30 of its levels.
You also visited: Labyrinth and Bailey.

You collected 3553 gold pieces.
You spent 268 gold pieces at shops.

Inventory:

Hand Weapons
 f - the +7 dire flail "Bebruata" (weapon) {vamp, rPois rF+ rC+ Int+3}
   (Okawaru gifted it to you on level 12 of the Dungeon)

   It inflicts no extra harm, but heals its wielder somewhat when it strikes a
   living foe.
   It affects your intelligence (+3).
   It protects you from fire.
   It protects you from cold.
   It protects you from poison.
 p - the +7 giant spiked club of Victory {flame, rF++ MR+}
   (Okawaru gifted it to you on level 1 of the Orcish Mines)

   It has been specially enchanted to burn those struck by it, causing extra
   injury to most foes and up to half again as much damage against particularly
   susceptible opponents.
   It greatly protects you from fire.
   It affects your resistance to hostile enchantments.
 w - a +0 blowgun
Missiles
 a - 15 poisoned needles
 n - 7 javelins of returning (quivered)
 y - 3 throwing nets
 z - 35 large rocks
 E - 19 tomahawks of returning
 K - 8 javelins of penetration
 S - 3 curare-tipped needles
Armour
 h - a +1 robe of magic resistance
 s - the +0 cloak of Fun {rCorr MP-9 Str+6 Int+4}
   (You acquired it on level 8 of the Lair of Beasts)

   It affects your strength (+6).
   It affects your intelligence (+4).
   It affects your magic capacity (-9).
   It protects you from acid and corrosion.
 Q - the +3 cloak of Jyda (worn) {rC- rN+ Dex+7}
   (You found it on level 3 of the Lair of Beasts)

   It affects your dexterity (+7).
   It makes you vulnerable to cold.
   It protects you from negative energy.
 R - a +1 robe of resistance (worn)
Jewellery
 b - an uncursed ring of protection from fire
 o - a ring of protection from magic (left hand)
 q - an uncursed ring of see invisible
 r - the ring of Reca {SustAt +Fly}
   (You found it on level 4 of the Lair of Beasts)

   [ring of sustain attributes]

   It sustains your strength, intelligence and dexterity.
   It lets you fly.
 N - a +4 ring of slaying (right hand)
 Z - an amulet of the gourmand (around neck)
Wands
 e - a wand of polymorph (0/24)
 l - a wand of lightning (6/15)
 u - a wand of digging (12/24)
 F - a wand of iceblast (10/15)
 H - a wand of digging (13/24)
 L - a wand of iceblast (7/15)
 X - a wand of paralysis (3/24)
Scrolls
 c - 18 scrolls of remove curse
 k - 6 scrolls of blinking
 v - 13 scrolls of teleportation
 x - a scroll of fog
 G - 2 scrolls of recharging
 J - a scroll of enchant weapon
 M - 6 scrolls of magic mapping
 V - 3 scrolls of identify
 W - a scroll of vulnerability
 Y - 9 scrolls of immolation
Potions
 d - 3 potions of resistance
 i - 4 potions of heal wounds
 m - a potion of berserk rage
 t - a potion of magic {unknown}
 A - 3 potions of agility {unknown}
 C - 4 potions of might
 O - 13 potions of curing
 T - 4 potions of haste
Books
 D - a book of Flames

   Spells                             Type                      Level
   a - Flame Tongue                   Conjuration/Fire             1
   b - Throw Flame                    Conjuration/Fire             2
   c - Conjure Flame                  Conjuration/Fire             3
   d - Inner Flame                    Hexes/Fire                   3
   e - Sticky Flame                   Conjuration/Fire             4
   f - Fireball                       Conjuration/Fire             5
Comestibles
 j - 19 fruits
 B - 4 bread rations
 I - a meat ration
 P - a beef jerky
 U - a slice of pizza


   Skills:
 - Level 22.0(27) Fighting
 - Level 17.5(22.5) Maces & Flails
 + Level 16.0(21.0) Throwing
 + Level 13.5(18.5) Dodging
 - Level 0.7(5.7) Stealth
 * Level 3.1 Translocations
 - Level 8.0 Invocations


You had 10 spell levels left.
You knew the following spells:

 Your Spells              Type           Power        Failure   Level  Hunger
a - Blink                 Tloc           N/A          14%         2    ###....
b - Shroud of Golubria    Chrm/Tloc      #.........   24%         2    ###....
c - Portal Projectile     Tloc           #.....       28%         3    ####...


Dungeon Overview and Level Annotations

Branches:
Dungeon (15/15)            Temple (1/1) D:6            Lair (8/8) D:8
 Shoals (0/4) Lair:5        Snake (4/4) Lair:4        Slime (0/6) Lair:6
    Orc (2/2) D:12            Elf (0/3) Orc:2        Vaults (0/5) D:13
 Depths: D:15

Altars:
Ashenzari
Cheibriados
Dithmenos
Elyvilon
Fedhas
Gozag
Kikubaaqudgha
Makhleb
Nemelex Xobeh
Okawaru
Pakellas
Qazlal
Ru
Sif Muna
Trog
Vehumet
Xom
Yredelemnul
Zin
The Shining One
Jiyva

Shops:
D:4 ?   D:11 }   D:13 (   Orc:2 (}?

Annotations:
D:8 slayr's ghost, novice TeAE
D:12 Azrael
D:14 antimagic halberd
Lair:8 pizza and meat (cold), iceblast


Innate Abilities, Weirdness & Mutations

You are too large for most types of armour.
You have tough skin (AC +1).
You have a pair of small antennae on your head.
You evolve.


Message History

The naga sharpshooter is almost dead.
The naga sharpshooter shoots an arrow.
The arrow hits you!!
* * * LOW HITPOINT WARNING * * *
The naga sharpshooter shoots a poisoned bolt.
The poisoned bolt completely misses you.
You hear a shout!
Drink which item? (? for menu, Esc to quit)
A red film seems to cover your vision as you go berserk!
You feel yourself moving faster!
You feel mighty!
Your shock serpent shoots out a bolt of lightning at the naga sharpshooter!
The bolt of electricity hits the naga sharpshooter.
The naga sharpshooter gestures wildly while chanting.
The naga sharpshooter magically shoots an arrow.
The arrow hits you!
* * * LOW HITPOINT WARNING * * *
Your shock serpent shoots out a bolt of lightning at the naga sharpshooter!
The bolt of electricity hits the naga sharpshooter.
The naga sharpshooter shoots a poisoned bolt.
The poisoned bolt hits you!
You die...

.............................#
#............................####
##...............................
.##.......(..............[.......
..##...............####..#####...
...##..........<####..####...#...
....##..........#.(......#...#...
.....##.......SN#N#.........##...
#.....##......N.@'..........##...
..##...##.......##...........#...
...##...##......#......#.....#...
....##...#......#...#...#....#...
.....##..'......##############...
.....##))')......................
....##.).#)......................
...##...##)..............^.......
..##...##)####################..#


You could see 2 naga sharpshooters, a friendly salamander and a friendly shock
serpent.

Vanquished Creatures
  Rupert (D:15)
  Agnes (Snake:3)
  12 greater nagas
  Maud (Lair:3)
  An orc warlord (Orc:2)
  The ghost of YrmMerkstave the Blocker, a journeyman MiFi of Cheibriados (Orc:2)
  Louise (Snake:2)
  Snorg (D:13)
  Erolcha (D:14)
  A minotaur (Lab)
  Josephine (Lair:4)
  Fannar (Lair:1)
  8 vault guards (D:13)
  An ettin (D:12)
  Harold (D:11)
  5 hydras
  13 naga warriors
  A death knight (D:14)
  4 catoblepae
  8 anacondas
  4 centaur warriors
  Erica (D:11)
  2 tengu warriors
  5 death yaks
  14 shock serpents
  Urug (D:14)
  8 naga sharpshooters
  A skeletal warrior (D:14)
  Nergalle (D:11)
  6 salamander mystics
  An unseen horror (D:14)
  Pikel (D:4)
  6 sea snakes (Snake:1)
  10 mana vipers
  9 naga ritualists
  4 hill giants
  8 orc knights
  2 wolf spider zombies
  8 ugly things
  9 salamanders
  A deep elf mage (D:15)
  2 griffons
  3 manticores
  5 cyclopes
  4 orc sorcerers
  6 guardian serpents (Snake:4)
  4 sirens (Lair:5)
  Joseph (D:8)
  A guardian serpent (shapeshifter) (D:14)
  13 naga magi
  39 black mambas
  10 spiny frogs
  4 gargoyles
  A torpor snail (Lair:3)
  3 komodo dragons
  A tengu conjurer (D:13)
  2 demonic crawlers (D:12)
  A freezing wraith (D:14)
  Grum (D:8)
  A centaur skeleton (D:13)
  2 efreet
  A fire drake (Lair:5)
  A queen bee (D:9)
  4 polar bears
  2 spriggan druids (Lair:8)
  4 trolls
  Prince Ribbit (D:6)
  A blink frog (shapeshifter) (D:13)
  6 slime creatures
  Grinder (D:4)
  17 blink frogs
  A centaur simulacrum (D:14)
  3 redbacks (Lair:8)
  11 spriggans (Lair:8)
  2 shadows
  5 wyverns
  72 yaks
  A steam dragon (Lair:3)
  4 wraiths
  3 fire elementals (D:12)
  2 basilisks
  2 hungry ghosts
  22 wolves
  7 hippogriffs
  6 vampire mosquitoes
  5 wargs
  2 mottled dragons (D:13)
  A soldier ant (shapeshifter) (D:15)
  A soldier ant (D:15)
  50 nagas
  19 water moccasins
  4 hell hounds (D:12)
  15 porcupines
  2 sky beasts
  2 ice beasts
  46 orc warriors
  6 black bears
  2 slaves (D:5)
  2 eyes of draining
  2 wasps
  16 ogres
  22 centaurs
  13 crocodiles
  23 giant frogs
  A wyvern zombie (D:13)
  A water moccasin zombie (D:6)
  10 scorpions
  26 killer bees
  13 wights
  10 electric eels
  10 crimson imps
  2 giant frog zombies
  7 hounds
  4 giant frog skeletons
  9 iguanas
  3 jellies
  25 orc priests
  20 orc wizards
  13 worker ants
  2 hell rats (D:12)
  18 sheep
  4 hound zombies
  2 worker ant zombies
  21 adders
  12 gnolls
  45 river rats
  5 shadow imps
  An ooze (D:2)
  2 adder skeletons
  5 worms
  A worm (shapeshifter) (D:15)
  9 giant geckos
  111 orcs
  5 ball pythons
  14 giant cockroaches
  10 goblins
  9 hobgoblins
  29 jackals
  21 kobolds
  5 quokkas
  5 bats
  4 giant newts
  A jackal skeleton (D:4)
  A quokka zombie (D:7)
  12 rats
  2 plants
1192 creatures vanquished.

Vanquished Creatures (collateral kills)
  A yak (Lair:8)
  A wolf (D:8)
2 creatures vanquished.

Vanquished Creatures (others)
  A centaur zombie (D:12)
  The ghost of slayr the Conjurer, a novice TeAE (D:5)
  A quokka (D:5)
  A bush (Lair:6)
  8 fungi
  30 plants
42 creatures vanquished.

Grand Total: 1236 creatures vanquished

Notes
Turn   | Place    | Note
--------------------------------------------------------------
     0 | D:1      | abixa the Ogre Hunter began the quest for the Orb.
     0 | D:1      | Reached XP level 1. HP: 22/22 MP: 1/1
   166 | D:1      | Reached XP level 2. HP: 28/31 MP: 2/2
   672 | D:1      | Reached XP level 3. HP: 37/37 MP: 3/3
  1599 | D:2      | Reached XP level 4. HP: 38/46 MP: 4/4
  2125 | D:3      | Reached skill level 5 in Maces & Flails
  2258 | D:3      | Reached XP level 5. HP: 53/53 MP: 5/5
  2812 | D:4      | Reached skill level 6 in Maces & Flails
  3264 | D:4      | Reached skill level 7 in Maces & Flails
  3264 | D:4      | Reached XP level 6. HP: 51/61 MP: 6/6
  3387 | D:4      | Noticed Grinder
  3444 | D:4      | Killed Grinder
  3444 | D:4      | Reached skill level 8 in Maces & Flails
  3444 | D:4      | Reached XP level 7. HP: 63/71 MP: 7/7
  3700 | D:4      | Found a sacrificial altar of Ru.
  3799 | D:4      | Found Reij's Magic Scroll Shoppe.
  3804 | D:4      | Bought a scroll of identify for 24 gold pieces
  3804 | D:4      | Bought a scroll of identify for 24 gold pieces
  3804 | D:4      | Bought a scroll of identify for 24 gold pieces
  3804 | D:4      | Bought a scroll of random uselessness for 12 gold pieces
  3804 | D:4      | Bought a scroll of teleportation for 36 gold pieces
  3804 | D:4      | Bought a scroll of remove curse for 36 gold pieces
  3810 | D:4      | Found a shattered altar of Ashenzari.
  3831 | D:4      | Reached skill level 5 in Fighting
  4169 | D:4      | Found a basalt altar of Yredelemnul.
  4169 | D:4      | Found an opulent altar of Gozag.
  4549 | D:5      | Entered Level 5 of the Dungeon
  4561 | D:5      | Reached skill level 9 in Maces & Flails
  5179 | D:5      | Noticed slayr's ghost (novice TeAE)
  5468 | D:5      | Reached XP level 8. HP: 79/83 MP: 8/8
  5798 | D:5      | Noticed Pikel
  5829 | D:4      | Killed Pikel
  5829 | D:4      | Reached skill level 10 in Maces & Flails
  5829 | D:4      | Reached skill level 5 in Throwing
  5920 | D:5      | Killed slayr's ghost
  6584 | D:6      | Reached XP level 9. HP: 97/97 MP: 9/9
  6640 | D:6      | Reached skill level 11 in Maces & Flails
  7035 | D:6      | Found a staircase to the Ecumenical Temple.
  7044 | Temple   | Entered the Ecumenical Temple
  7073 | Temple   | Became a worshipper of Warmaster Okawaru
  7510 | D:6      | Found a white marble altar of Elyvilon.
  7684 | D:6      | Noticed Prince Ribbit
  7706 | D:6      | Killed Prince Ribbit
  8832 | D:7      | Got a shimmering hand crossbow
  8854 | D:7      | Reached * piety under Okawaru
  8940 | D:7      | Reached skill level 10 in Fighting
  8964 | D:7      | Reached skill level 12 in Maces & Flails
  9924 | D:8      | Reached skill level 1 in Invocations
  9941 | D:8      | Noticed slayr's ghost (novice TeAE)
 10010 | D:8      | Reached XP level 10. HP: 108/111 MP: 10/10
 10044 | D:8      | Found a flagged portal.
 10069 | Bailey   | Entered a bailey
 10075 | Bailey   | Noticed an orc knight
 10101 | Bailey   | Noticed an orc knight
 10183 | Bailey   | Killed an orc knight
 10183 | Bailey   | Reached ** piety under Okawaru
 10490 | Bailey   | Killed an orc knight
 10490 | Bailey   | Reached skill level 13 in Maces & Flails
 10999 | D:8      | Noticed Joseph
 11030 | D:8      | Found a staircase to the Lair.
 11158 | D:8      | Killed Joseph
 12117 | D:9      | Reached *** piety under Okawaru
 12313 | D:9      | Noticed a gargoyle
 12688 | Lair:1   | Entered Level 1 of the Lair of Beasts
 12688 | Lair:1   | Noticed Grum
 12693 | D:8      | Received a gift from Okawaru
 12695 | D:8      | Reached skill level 14 in Maces & Flails
 12730 | D:8      | Killed Grum
 12730 | D:8      | Reached XP level 11. HP: 124/124 MP: 12/12
 13005 | Lair:1   | Received a gift from Okawaru
 13260 | Lair:1   | Reached **** piety under Okawaru
 13327 | Lair:1   | Noticed Fannar
 13393 | Lair:1   | Killed Fannar
 14251 | Lair:1   | Reached ***** piety under Okawaru
 14256 | Lair:1   | Received a gift from Okawaru
 14924 | Lair:2   | Received a gift from Okawaru
 14996 | Lair:2   | Reached skill level 15 in Maces & Flails
 15065 | Lair:2   | Noticed an eight-headed hydra
 15067 | Lair:2   | Killed an eight-headed hydra
 15067 | Lair:2   | Received a gift from Okawaru
 15067 | Lair:2   | Reached XP level 12. HP: 137/137 MP: 13/13
 15509 | Lair:2   | Noticed a four-headed hydra
 15514 | Lair:2   | Killed a four-headed hydra
 15514 | Lair:2   | Received a gift from Okawaru
 15514 | Lair:2   | Reached skill level 10 in Throwing
 15562 | Lair:2   | You fall through a shaft!
 15713 | Lair:3   | Got a warped cloak
 15736 | Lair:3   | Identified the +3 cloak of Jyda {rC- rN+ Dex+7} (You found it on level 3 of the Lair of Beasts)
 15826 | Lair:3   | Noticed Maud
 15856 | Lair:3   | Killed Maud
 15856 | Lair:3   | Received a gift from Okawaru
 15856 | Lair:3   | Received a gift from Okawaru
 16800 | Lair:2   | Reached skill level 5 in Dodging
 16917 | Lair:4   | Noticed an eight-headed hydra
 16924 | Lair:4   | Killed an eight-headed hydra
 17270 | Lair:4   | Found a staircase to the Snake Pit.
 17305 | Lair:4   | Reached skill level 16 in Maces & Flails
 17309 | Lair:4   | Noticed Josephine
 17318 | Lair:4   | Killed Josephine
 17353 | Lair:4   | Got a wavering platinum ring
 17355 | Lair:4   | Identified the ring of Reca {SustAt +Fly} (You found it on level 4 of the Lair of Beasts)
 17849 | Lair:5   | Reached XP level 13. HP: 141/148 MP: 14/14
 17961 | Lair:5   | Received a gift from Okawaru
 18055 | Lair:5   | Received a gift from Okawaru
 18216 | Lair:5   | Found a staircase to the Shoals.
 18318 | Lair:5   | Received a gift from Okawaru
 18319 | Lair:5   | Got a jewelled great mace {god gift}
 18320 | Lair:5   | Identified the +4 great mace "Cobooczo" {flame, *Confuse rPois rC++} (Okawaru gifted it to you on level 5 of the Lair of Beasts)
 19288 | Lair:6   | Found a viscous altar of Jiyva.
 19289 | Lair:6   | Found a staircase to the Slime Pits.
 19497 | Lair:6   | Received a gift from Okawaru
 19498 | Lair:6   | Got a fine robe {god gift}
 19509 | Lair:6   | Identified the +1 robe "Nuylir" {-Tele rC+ rN++ Str+4 Int+4} (Okawaru gifted it to you on level 6 of the Lair of Beasts)
 19795 | Lair:7   | Reached skill level 10 in Dodging
 19894 | Lair:6   | Reached ****** piety under Okawaru
 19894 | Lair:6   | Reached skill level 15 in Fighting
 20155 | Lair:7   | Reached XP level 14. HP: 159/159 MP: 15/15
 20910 | Lair:8   | Entered Level 8 of the Lair of Beasts
 20910 | Lair:8   | Found a labyrinth entrance.
 21016 | Lab      | Entered a labyrinth
 21260 | Lab      | Got a flickering amber ring
 21261 | Lab      | Identified a +6 rod of ignition (11/11) (You found it in a labyrinth)
 21263 | Lab      | Identified the ring "Nitepsy" {rF+ Int+2 Stlth-} (You found it in a labyrinth)
 21269 | Lab      | Identified Sif Muna's Compendium of the Voyage and the Entourage (You found it in a labyrinth)
 21287 | Lair:8   | Learned a level 2 spell: Blink
 21290 | Lair:8   | Learned a level 2 spell: Shroud of Golubria
 21294 | Lair:8   | Learned a level 3 spell: Portal Projectile
 21352 | Lair:8   | Identified a scroll of acquirement
 21354 | Lair:8   | Got an ichor-stained cloak
 21365 | Lair:8   | Identified the +0 cloak of Fun {rCorr MP-9 Str+6 Int+4} (You acquired it on level 8 of the Lair of Beasts)
 21662 | Lair:8   | Reached skill level 17 in Maces & Flails
 22164 | Lair:8   | Received a gift from Okawaru
 22848 | Lair:8   | Identified Jyes's Papyrus of Conjuration and the Snowflakes (You found it on level 8 of the Lair of Beasts)
 23656 | D:10     | Entered Level 10 of the Dungeon
 24122 | D:11     | Noticed Harold
 24133 | D:11     | Noticed Erica
 24147 | D:11     | Killed Erica
 24148 | D:11     | Killed Harold
 24270 | D:11     | Noticed Nergalle
 24318 | D:11     | Killed Nergalle
 24765 | D:11     | Found Dos Qoc's Gadget Emporium.
 25367 | D:12     | Found a staircase to the Orcish Mines.
 25419 | D:12     | Received a gift from Okawaru
 25420 | D:12     | Got a fine dire flail {god gift}
 25476 | D:12     | Identified the +7 dire flail "Bebruata" {vamp, rPois rF+ rC+ Int+3} (Okawaru gifted it to you on level 12 of the Dungeon)
 25560 | D:12     | Reached XP level 15. HP: 164/171 MP: 16/16
 25820 | D:12     | Noticed Azrael
 26468 | D:13     | Received a gift from Okawaru
 26491 | D:13     | Found a gate to the Vaults.
 27062 | D:13     | Noticed Snorg
 27074 | D:13     | Killed Snorg
 27269 | D:13     | Reached skill level 18 in Fighting
 27342 | D:13     | Found Temo's Weapon Shoppe.
 27644 | D:14     | Received a gift from Okawaru
 27778 | D:14     | Noticed Erolcha
 27806 | D:14     | Killed Erolcha
 28464 | D:14     | Noticed Urug
 28469 | D:14     | Killed Urug
 28631 | D:15     | Entered Level 15 of the Dungeon
 29036 | D:15     | Noticed Rupert
 29271 | D:15     | Reached XP level 16. HP: 188/188 MP: 17/17
 29498 | D:14     | Reached skill level 19 in Fighting
 29531 | D:15     | Killed Rupert
 29948 | Orc:1    | Entered Level 1 of the Orcish Mines
 30283 | Orc:1    | Received a gift from Okawaru
 30284 | Orc:1    | Got a bloodstained giant spiked club {god gift}
 30384 | Orc:2    | Entered Level 2 of the Orcish Mines
 30384 | Orc:2    | Found a bloodstained altar of Trog.
 30384 | Orc:2    | Noticed YrmMerkstave's ghost (journeyman MiFi)
 30903 | Orc:2    | Killed YrmMerkstave's ghost
 31259 | Orc:2    | Found a staircase to the Elven Halls.
 31415 | Orc:2    | Reached skill level 20 in Fighting
 32165 | Orc:2    | Received a gift from Okawaru
 32896 | Orc:2    | Found Vavaxt's Gadget Boutique.
 32896 | Orc:2    | Found Awiosevo's Jewellery Shoppe.
 32989 | Orc:2    | Found Vavaxt's Magic Scroll Shop.
 32991 | Orc:2    | Found Okhitrepn's Antique Weapon Emporium.
 32997 | Orc:2    | Bought a scroll of identify for 28 gold pieces
 32997 | Orc:2    | Bought a scroll of identify for 28 gold pieces
 32997 | Orc:2    | Bought a scroll of identify for 28 gold pieces
 32997 | Orc:2    | Bought a scroll of fog for 28 gold pieces
 33195 | D:8      | Gained mutation: You have a pair of small antennae on your head. [potion of beneficial mutation]
 33196 | D:8      | Gained mutation: You evolve. [potion of beneficial mutation]
 33212 | D:8      | Identified the +7 giant spiked club of Victory {flame, rF++ MR+} (Okawaru gifted it to you on level 1 of the Orcish Mines)
 33303 | Snake:1  | Entered Level 1 of the Snake Pit
 33328 | Snake:1  | Received a gift from Okawaru
 33485 | Snake:1  | Received a gift from Okawaru
 34069 | Snake:1  | Reached skill level 21 in Fighting
 34334 | Snake:2  | Noticed a greater naga
 34340 | Snake:2  | Killed a greater naga
 34830 | Snake:2  | Reached XP level 17. HP: 205/205 MP: 12/19
 35100 | Snake:2  | Noticed Louise
 35117 | Snake:2  | Killed Louise
 35342 | Snake:3  | Reached skill level 5 in Invocations
 35721 | Snake:3  | Received a gift from Okawaru
 35745 | Snake:3  | Reached skill level 15 in Throwing
 36098 | Snake:3  | Received a gift from Okawaru
 36686 | Snake:3  | Noticed Agnes
 36708 | Snake:3  | Killed Agnes
 36876 | Snake:3  | Received a gift from Okawaru
 37968 | Snake:4  | Entered Level 4 of the Snake Pit
 38860 | Snake:4  | Received a gift from Okawaru
 39314 | Snake:4  | Received a gift from Okawaru
 39405 | Snake:4  | Reached XP level 18. HP: 176/218 MP: 24/24
 39483 | Snake:4  | Received a gift from Okawaru
 39576 | Snake:4  | Reached skill level 22 in Fighting
 39989 | Snake:4  | Reached skill level 1 in Translocations
 40240 | Snake:4  | Received a gift from Okawaru
 40590 | Snake:4  | Got a serpentine rune of Zot
 40696 | Snake:4  | HP: 6/327 [naga sharpshooter/arrow (13)]
 40696 | Snake:4  | Shot with a poisoned bolt by a naga sharpshooter

Vault maps used:
D:1:      minmay_arrival_checkered_box, kennysheep_decorative_pillar
D:2:      kennysheep_doodads, dk_noncrumbling_3
D:4:      overflow_temple_1_default, gammafunk_temple_overflow_elements,
          serial_shops, kennysheep_little_box, nicolae_ru_path_of_blood,
          uniq_grinder
D:5:      first_bread, uniq_pikel
D:6:      kennysheep_mini_moat, temple_hall, st_stairs_2, uniq_prince_ribbit1
D:8:      lair_0_dummy, enter_bailey_3, uniq_joseph
D:9:      david_nohive_1
D:11:     serial_shops, shop, uniq_erica, uniq_erolcha, uniq_nergalle,
          uniq_harold
D:12:     orc_0_dummy, special_room, hangedman_parallel_progression, uniq_azrael
D:13:     erik_vaults_2, serial_shops, shop, uniq_snorg
D:14:     minmay_staircase_bubble, kennysheep_generic_room_13, uniq_urug
D:15:     hangedman_depths_entry_try_elsewhere_first, uniq_rupert
Temple:   lightli_temple_of_artemis
Lair:1:   infiniplex_staircase_pool_2, uniq_grum, uniq_fannar
Lair:2:   serial_bayou_pond_b
Lair:3:   uniq_maud
Lair:4:   dummy_snake_entry, grunt_megastairs_2, uniq_josephine
Lair:5:   elwin_shoals_entry_stream
Lair:6:   dpeg_slime_entry_enclosed_altar, beast_lair_carwin_11,
          lemuel_fruit_tree
Lair:7:   nicolae_lair_yak_garden, serial_bayou_shore_b
Lair:8:   minmay_lair_end_enchanted_forest, lab_entry_generic
Snake:1:  spider_trap, serial_bayou_ford_a, serial_bayou_lake_a
Snake:2:  grunt_megastairs_1, uniq_louise
Snake:3:  uniq_agnes
Snake:4:  johnstein_snake_rune_scales
Orc:1:    nicolae_orc_damp_corner
Orc:2:    st_orc_rangers, bloody_trog
Bailey:   bailey_axe_4, bailey

Action                   |  1- 3 |  4- 6 |  7- 9 | 10-12 | 13-15 | 16-18 || total
-------------------------+-------+-------+-------+-------+-------+-------++-------
Melee: Short sword       |    20 |       |       |       |       |       ||    20
       Club              |    43 |       |       |       |       |       ||    43
       Mace              |    34 |   125 |   253 |       |       |       ||   412
       Flail             |       |       |   126 |       |       |       ||   126
       Dagger            |       |       |    19 |    41 |       |       ||    60
       Whip              |       |       |    19 |       |       |       ||    19
       Morningstar       |       |       |     6 |   336 |    91 |       ||   433
       Trident           |       |       |       |    63 |       |       ||    63
       Great mace        |       |       |       |       |   580 |       ||   580
       Dire flail        |       |       |       |       |   639 |  1121 ||  1760
       Giant spiked club |       |       |       |       |       |     2 ||     2
Throw: Stone             |    34 |    93 |   153 |   116 |       |       ||   396
       Tomahawk          |     5 |    16 |    37 |   179 |   256 |    67 ||   560
       Large rock        |       |     1 |       |    20 |     7 |    19 ||    47
       Throwing net      |       |       |     1 |       |       |       ||     1
       Javelin           |       |       |       |    16 |    15 |   155 ||   186
Invok: Heroism           |       |       |       |     3 |       |     4 ||     7
       Finesse           |       |       |       |       |       |     1 ||     1
Evoke: Wand              |       |       |     4 |     6 |     1 |     2 ||    13
       Lamp of fire      |       |       |       |       |     1 |       ||     1
  Use: Scroll            |       |       |     8 |     3 |    13 |    10 ||    34
       Potion            |       |       |       |     1 |       |     4 ||     5
 Stab: Sleeping          |       |     1 |     3 |       |     4 |     2 ||    10
       Distracted        |       |       |       |       |     2 |     1 ||     3
  Eat: Chunk             |     2 |     6 |    18 |    20 |    39 |    41 ||   126
       Fruit             |       |       |     2 |     4 |     6 |       ||    12
       Pizza             |       |       |       |     1 |       |       ||     1
       Meat ration       |       |       |       |       |     1 |       ||     1
